 Dungeon Crawl Stone Soup version 0.24.1-14-gf8d2b509d9 (webtiles) character file.

Game seed: 4833006539745957022, levelgen mode: deterministic

19404 Hugehornet the Severer (level 12, -12/102 HPs)
             Began as a Gargoyle Fighter on May 25, 2020.
             Was an Elder of Cheibriados.
             Shot with a bolt by an orc warrior (18 damage)
             ... on level 13 of the Dungeon.
             The game lasted 00:27:23 (14785 turns).

Hugehornet the Severer (Gargoyle Fighter)          Turns: 14785, Time: 00:27:24

Health: -12/102    AC: 25    Str: 34 (36) XL:     12   Next: 68%
Magic:  13/13      EV: 12    Int: 20 (23) God:    Cheibriados [****..]
Gold:   152        SH: 13    Dex: 22 (24) Spells: 11/11 levels left

rFire    . . .     SeeInvis .   L - +6 hand axe (vamp)
rCold    + . .     Gourm    .   c - +0 shield
rNeg     + + .     Faith    .   G - +0 chain mail
rPois    ∞         Spirit   .   g - +0 helmet
rElec    +         Reflect  .   r - +1 cloak
rCorr    .         Harm     .   N - +0 pair of gloves
MR       .....                  O - +0 pair of boots
Stlth    ..........             (no amulet)
HPRegen  0.27/turn              x - ring of positive energy
MPRegen  0.13/turn              J - ring of protection from cold

@: agile, berserking, very slow
A: negative energy resistance 1, electricity resistance, unbreathing,
petrification resistance, rot immunity, AC +8
a: Bend Time, Temporal Distortion, Slouch, Renounce Religion


You were on level 13 of the Dungeon.
You worshipped Cheibriados.
Cheibriados was greatly pleased with you.
You were not hungry.

You visited 2 branches of the dungeon, and saw 14 of its levels.

You collected 644 gold pieces.
You spent 492 gold pieces at shops.

Inventory:

Hand Weapons
 m - a +1 whip of venom
 q - a +0 trident
 t - a +2 war axe of freezing
 I - a +0 morningstar
 L - a +6 vampiric hand axe (weapon)
Armour
 b - a +0 scale mail
 c - a +0 shield (worn)
 g - a +0 helmet (worn)
 r - a +1 cloak (worn)
 A - a scarf of spirit shield
 G - a +0 chain mail (worn)
 N - a +0 pair of gloves (worn)
 O - a +0 pair of boots (worn)
Jewellery
 d - an uncursed ring of positive energy
 x - a ring of positive energy (left hand)
 J - a ring of protection from cold (right hand)
Wands
 s - a wand of polymorph (11)
 u - a wand of digging (2)
 y - a wand of acid (9)
 K - a wand of iceblast (9)
 Q - a wand of flame (24)
Scrolls
 a - a scroll of magic mapping {unknown}
 h - 3 scrolls of immolation
 i - a scroll of amnesia {unknown}
 l - 4 scrolls of teleportation
 n - 4 scrolls of enchant weapon {unknown}
 o - 8 scrolls of remove curse
 p - 2 scrolls of blinking {unknown}
 z - a scroll of noise {unknown}
 B - 3 scrolls of holy word {unknown}
 C - a scroll of fear {unknown}
 D - 3 scrolls of enchant armour {unknown}
 F - 5 scrolls of identify
 M - a scroll of acquirement {unknown}
Potions
 e - 2 potions of lignification
 j - 3 potions of brilliance
 k - a potion of resistance
 v - 2 potions of haste
 w - a potion of agility
 E - a potion of degeneration
Comestibles
 f - 24 rations
 P - 10 chunks of flesh


   Skills:
 + Level 5.4 Fighting
 - Level 16.0 Axes
 * Level 7.2 Armour
 * Level 7.1 Shields
 + Level 2.2 Invocations


You had 11 spell levels left.
You didn't know any spells.
Your spell library contained the following spells:

 Spells                   Type           Power        Failure   Level  Hunger
 Confusing Touch          Hex            #.....       89%         1    ##.....
 Confuse                  Hex            #.......     99%         3    ####...
 Gell's Gravitas          Tloc           #.........   99%         3    ####...
 Petrify                  Tmut/Erth      #.......     100%        4    #####..
 Metabolic Englaciation   Hex/Ice        #.........   100%        5    ######.
 Yara's Violent Unravell  Hex/Tmut       #.........   100%        5    ######.


Dungeon Overview and Level Annotations

Branches:
Dungeon (13/15)            Temple (1/1) D:7            Lair (0/6) D:10
    Orc (0/2) D:9
 Vaults: D:13-14

Altars:
Ashenzari
Cheibriados
Dithmenos
Elyvilon
Fedhas
Gozag
Hepliaklqana
Kikubaaqudgha
Makhleb
Nemelex Xobeh
Okawaru
Qazlal
Ru
Sif Muna
Trog
Uskayaw
Vehumet
Wu Jian
Xom
Yredelemnul
Zin
The Shining One

Shops:
D:4 (   D:9 :   D:12 *

Annotations:
D:13 Sonja


Innate Abilities, Weirdness & Mutations

You are resistant to torment.
Your stone body is resilient. (AC +8)
You are immune to poison.
You resist negative energy. (rN+)
You are resistant to electric shocks. (rElec)
You can survive without breathing.
You are immune to petrification.
You are immune to rotting.


Message History

The deep elf knight mumbles some strange words.
The deep elf knight seems to speed up.
The vault guard throws a stone.
The stone hits you but does no damage.
You see here a stone.
Okay, then.
It was a potion of degeneration.
There was something very wrong with that liquid.
You feel weakened.
You feel dopey.
You feel clumsy.
The vault guard throws a stone.
The stone hits you but does no damage.
The orc warrior shoots a bolt.
You block the bolt.
It was a potion of berserk rage.
A red film seems to cover your vision as you go berserk!
Cheibriados protects you from inadvertent hurry.
You feel mighty!
The vault guard throws a stone.
The stone hits you but does no damage.
You are too berserk!
You feel a strong urge to attack something.
A vault guard comes into view. It is wielding a +0 halberd.
The orc warrior shoots a bolt.
The bolt hits you!!
You die...

#≈≈≈≈.# # #≈≈≈≈.####.
###≈≈≈..#... p.'.....#.#
..'.......# ..'.......#
###≈≈≈..(.# #≈≈≈e.(##
###≈≈≈≈@## #.#####
...≈≈≈≈.# #..^..##
...≈≈≈≈.# #####..#
..#≈≈≈o### ##.# ###≈≈....#
#####'### ######(.....#
####.......##
#....p......###..'[.(....'.
#.........(.##..##.......##
#...........+(.###.......#


You could see 2 vault guards, a deep elf knight and an orc warrior.

Vanquished Creatures
  Josephine (D:10)
  A death yak (D:10)
  3 two-headed ogres
  A glowing orange brain (shapeshifter) (D:11)
  3 ugly things (D:12)
  2 cyclopes
  2 deep elf magi
  A gargoyle (D:13)
  A troll (D:11)
  2 hornets (D:12)
  4 slime creatures (D:12)
  3 hippogriffs
  6 wraiths
  A vampire (D:12)
  3 hogs (D:7)
  A human (D:7)
  21 yaks
  A hungry ghost (D:13)
  Menkaure (D:5)
  3 vampire mosquitoes (D:12)
  A soldier ant (D:13)
  3 sky beasts
  3 ice beasts
  An orc warrior (D:11)
  An eye of draining (D:12)
  8 ogres
  4 phantoms
  9 centaurs
  7 bullfrogs
  2 scorpions
  4 wights (D:6)
  3 electric eels
  6 killer bees
  10 howler monkeys
  5 crimson imps
  A quasit (D:7)
  3 jellies
  2 orc priests
  2 bullfrog skeletons
  3 hounds
  2 centaur skeletons
  2 orc wizards (D:6)
  3 iguanas
  8 worker ants
  3 killer bee zombies
  A hound skeleton (D:8)
  14 adders
  10 gnolls
  2 shadow imps
  An adder skeleton (D:4)
  An adder zombie (D:9)
  3 worms
  3 dart slugs
  2 leopard geckos
  13 orcs
  10 bats
  11 giant cockroaches
  3 goblins
  9 hobgoblins
  2 jackals (D:6)
  9 kobolds
  4 quokkas
  6 ball pythons
  5 frilled lizards
  A jackal skeleton (D:9)
  3 quokka skeletons
  A quokka zombie (D:9)
  6 rats
  A fungus (D:8)
278 creatures vanquished.

Vanquished Creatures (others)
  An orc (D:10)
1 creature vanquished.

Grand Total: 279 creatures vanquished

Notes
Turn   | Place    | Note
-------+----------+-------------------------------------------
     0 | D:1      | Hugehornet the Gargoyle Fighter began the quest for the
                  | Orb.
     0 | D:1      | Reached XP level 1. HP: 14/14 MP: 1/1
    47 | D:1      | Reached skill level 2 in Axes
   122 | D:1      | Reached XP level 2. HP: 19/19 MP: 2/2
   427 | D:1      | Reached skill level 3 in Axes
   471 | D:1      | Reached XP level 3. HP: 23/23 MP: 3/3
  1417 | D:2      | Reached XP level 4. HP: 25/28 MP: 4/4
  1474 | D:2      | Reached skill level 4 in Axes
  1751 | D:3      | Found a faded altar of an unknown god.
  2250 | D:3      | Reached XP level 5. HP: 32/32 MP: 5/5
  2589 | D:4      | Reached skill level 5 in Axes
  2747 | D:4      | Reached XP level 6. HP: 37/37 MP: 6/6
  3213 | D:4      | Noticed a phantom
  3239 | D:4      | Killed a phantom
  3239 | D:4      | Reached skill level 6 in Axes
  3452 | D:4      | Found Tipnaa's Weapon Emporium.
  3478 | D:5      | Entered Level 5 of the Dungeon
  3483 | D:5      | Reached XP level 7. HP: 33/41 MP: 7/7
  3556 | D:5      | Reached skill level 7 in Axes
  3976 | D:5      | Noticed Menkaure
  3987 | D:5      | Reached skill level 8 in Axes
  3990 | D:5      | Killed Menkaure
  3990 | D:5      | Reached XP level 8. HP: 26/46 MP: 8/8
  4692 | D:6      | Reached skill level 9 in Axes
  5220 | D:6      | Reached skill level 10 in Axes
  5308 | D:6      | Found an iron altar of Okawaru.
  5338 | D:6      | Reached XP level 9. HP: 38/51 MP: 9/9
  5525 | D:6      | You fall into a shaft and drop 2 floors!
  6088 | D:7      | Reached skill level 11 in Axes
  6513 | D:7      | Found a staircase to the Ecumenical Temple.
  6522 | Temple   | Entered the Ecumenical Temple
  6620 | Temple   | Became a worshipper of Cheibriados the Contemplative
  6815 | D:7      | Reached skill level 12 in Axes
  7163 | D:8      | Reached XP level 10. HP: 56/56 MP: 10/10
  7244 | D:8      | Found a hazy altar of Hepliaklqana.
  7856 | D:9      | Reached * piety under Cheibriados
  8011 | D:9      | Found a staircase to the Orcish Mines.
  8112 | D:9      | Found Deifun's Book Shoppe.
  8127 | D:9      | You fall into a shaft and drop 3 floors!
  8155 | D:12     | Reached skill level 13 in Axes
  8309 | D:10     | Entered Level 10 of the Dungeon
  8665 | D:10     | Reached ** piety under Cheibriados
  8672 | D:10     | Reached skill level 14 in Axes
  9032 | D:10     | Reached XP level 11. HP: 43/60 MP: 7/11
  9130 | D:10     | Noticed a death yak
  9148 | D:10     | Killed a death yak
  9482 | D:10     | Noticed Josephine
  9503 | D:10     | Killed Josephine
  9503 | D:10     | Reached skill level 15 in Axes
  9851 | D:10     | Found a staircase to the Lair.
 10210 | D:11     | Noticed a two-headed ogre
 10230 | D:11     | Killed a two-headed ogre
 10307 | D:11     | Noticed a glowing orange brain
 10335 | D:11     | Killed a glowing orange brain
 10349 | D:11     | Noticed an eight-headed hydra
 11344 | D:11     | Noticed a cyclops
 11353 | D:11     | Killed a cyclops
 11685 | D:12     | Noticed a brown ugly thing
 11701 | D:12     | Killed a brown ugly thing
 11701 | D:12     | Reached skill level 16 in Axes
 12035 | D:12     | Noticed a brown ugly thing
 12045 | D:12     | Killed a brown ugly thing
 12045 | D:12     | Reached XP level 12. HP: 61/66 MP: 10/12
 12119 | D:12     | Reached *** piety under Cheibriados
 12256 | D:12     | Noticed a two-headed ogre
 12262 | D:12     | Killed a two-headed ogre
 12262 | D:12     | Reached skill level 5 in Armour
 12262 | D:12     | Reached skill level 5 in Shields
 13181 | D:12     | Noticed a two-headed ogre
 13188 | D:12     | Killed a two-headed ogre
 13530 | D:12     | Found Wiviciups's Blood Bar.
 13650 | D:12     | Bought a +6 vampiric hand axe for 492 gold pieces
 13714 | D:13     | Noticed a vault guard
 13736 | D:13     | Reached skill level 5 in Fighting
 13745 | D:13     | Reached skill level 1 in Invocations
 13908 | D:13     | Reached **** piety under Cheibriados
 14412 | D:13     | Noticed Sonja
 14778 | D:13     | Noticed a centaur warrior
 14780 | D:13     | HP: 2/68 [Sonja/+2 dagger of distortion (20)]
 14781 | D:13     | Noticed a deep elf knight
 14785 | D:13     | Noticed a vault guard
 14785 | D:13     | Shot with a bolt by an orc warrior

Levels and vault maps discovered:
D:1:      onia_arrival_larder, layout_basic, minmay_misc_feat_columns,
          minmay_ruptured
D:2:      layout_basic
D:3:      layout_basic, chequers_ecumenical_altar_island, serial_park_tiny_1,
          minmay_puff
D:4:      layout_cave_pools, serial_shops, nicolae_shop_behind_doors
D:5:      layout_cave_pods, first_ration, uniq_menkaure
D:6:      layout_basic, okawaru_metal_pillars_1_2
D:7:      minmay_angry_zag, layout_rooms, minmay_temple_entry_ruins,
          grunt_livestock
D:8:      layout_loops_ring, lemuel_doored_altar, fungi_pond_lemuel
D:9:      layout_roguey, orc_0_dummy, basic_altar, serial_shops, shop,
          minmay_misc_feat_nine_boxes, chequers_serial_rivers_micro_e,
          fedhas_altar_fruit_tree
D:10:     argonaut_augean_stables, layout_loops_corners, lair_entry_dummy,
          uniq_josephine
D:11:     layout_basic, serial_rivers, chequers_serial_rivers_large_a,
          chequers_serial_rivers_micro_c, chequers_serial_rivers_small_3,
          chequers_serial_rivers_marsh, chequers_serial_rivers_marsh
D:12:     layout_cave_pods, guppyfry_shop_blood
D:13:     layout_roguey, grunt_vaults_entry_fortified, nicolae_ru_path_of_blood,
          uniq_sonja
Temple:   compressed_dpeg_circular_temple

Skill      XL: |  1  2  3  4  5  6  7  8  9 10 11 12 |
---------------+-------------------------------------+-----
Axes           | 2 3 4 5 6 8 10 12 14 16 | 16.0
Armour         | 4 7 |  7.2
Shields        | 4 7 |  7.1
Fighting       | 5 |  5.4
Invocations    | 2 |  2.2

Action                   |  1- 3 |  4- 6 |  7- 9 | 10-12 || total
-------------------------+-------+-------+-------+-------++-------
Melee: War axe           |    77 |    83 |   298 |   489 ||   947
       Whip              |    43 |    77 |       |       ||   120
       Morningstar       |       |       |       |     3 ||     3
       Trident           |       |       |       |     3 ||     3
       Hand axe          |       |       |       |   134 ||   134
  Use: Scroll            |     1 |     6 |     2 |     5 ||    14
       Potion            |       |       |       |     7 ||     7
  Eat: Chunk             |     2 |     5 |    13 |    14 ||    34
Armor: Scale mail        |    50 |    91 |   169 |    49 ||   359
       Chain mail        |       |       |       |   229 ||   229
Dodge: Dodged            |    35 |    46 |    58 |   139 ||   278
Block: Shield            |    54 |    88 |   104 |   285 ||   531
